 Dungeon Crawl Stone Soup version 0.30.1-4-g462c640d31 (webtiles) character file.

Game seed: 18232739236401929165

256 GimliDwarf the Carver (level 6, -3/44 HPs)
             Began as a Gnoll Wanderer on Aug 19, 2023.
             Slain by an iguana (10 damage)
             ... on level 3 of the Dungeon.
             The game lasted 00:07:15 (3367 turns).

GimliDwarf the Carver (Gnoll Wanderer)              Turns: 3367, Time: 00:07:16

Health: -3/44      AC:  3    Str:  8    XL:     6   Next: 16%
Magic:  14/14      EV: 11    Int: 11    God:
Gold:   125        SH:  5    Dex: 17    Spells: 12/15 levels left

rFire   . . .        a - +2 falchion
rCold   + . .        b - +0 buckler
rNeg    . . .        f - +0 leather armour
rPois   .            (no helmet)
rElec   .            (no cloak)
rCorr   .            (no gloves)
SInv    .            (no boots)
Will    .....        o - amulet of magic regeneration
Stlth   ++           q - ring of protection from cold
HPRegen 0.27/turn    (no ring)
MPRegen 0.54/turn

%: no passive effects
@: no status effects
A: fangs 1, strong nose, distributed training
a: no special abilities


You were on level 3 of the Dungeon.
You visited 1 branch of the dungeon, and saw 4 of its levels.

You collected 125 gold pieces.

Inventory:

Hand Weapons
 a - a +2 falchion (weapon)
 d - a +2 dagger of flaming
Armour
 b - a +0 buckler (worn)
 f - a +0 leather armour (worn)
Jewellery
 o - an amulet of magic regeneration (around neck)
 q - a ring of protection from cold (left hand)
Scrolls
 c - a scroll of butterflies
 j - a scroll of fog {unknown}
 l - a scroll of vulnerability {unknown}
 m - a scroll of teleportation
 n - 2 scrolls of immolation {unknown}
 p - a scroll of blinking {unknown}
Potions
 e - a potion of curing
 g - a potion of invisibility
 h - a potion of attraction {unknown}
 i - a potion of lignification {unknown}
 k - a potion of berserk rage {unknown}


   Skills:
 + Level 1.9 Fighting
 + Level 1.9 Short Blades
 + Level 8.7 Long Blades
 + Level 1.9 Axes
 + Level 1.9 Maces & Flails
 + Level 1.9 Polearms
 + Level 1.9 Staves
 + Level 1.9 Ranged Weapons
 + Level 1.9 Throwing
 + Level 1.9 Armour
 + Level 1.9 Dodging
 + Level 3.0 Stealth
 + Level 3.2 Shields
 + Level 1.9 Unarmed Combat
 + Level 5.3 Spellcasting
 + Level 1.5 Conjurations
 + Level 1.5 Hexes
 + Level 1.5 Summonings
 + Level 1.5 Necromancy
 + Level 4.1 Translocations
 + Level 1.5 Transmutations
 + Level 1.5 Fire Magic
 + Level 1.5 Ice Magic
 + Level 1.5 Air Magic
 + Level 1.5 Earth Magic
 + Level 1.5 Poison Magic
 + Level 2.1 Invocations
 + Level 1.9 Evocations


You had 12 spell levels left.
You knew the following spells:

 Your Spells              Type           Power      Damage    Failure   Level
a - Apportation           Tloc           24%        N/A       9%          1
b - Necrotise             Necr           24%        1d5       24%         1
c - Summon Small Mammal   Summ           24%        N/A       24%         1

Your spell library contained the following spells:

 Spells                   Type           Power      Damage    Failure   Level
 Portal Projectile        Hex/Tloc       18%        N/A       41%         3


Dungeon Overview and Level Annotations

Branches:
Dungeon (4/15)
 Temple: D:4-7

Altars:

Shops:
D:3 (

Annotations:
D:2 Sigmund


Innate Abilities, Weirdness & Mutations

You have very sharp teeth.
Your uncanny sense of smell can sniff out nearby items.
Your experience applies equally to all skills.


Message History

You climb downwards.
The endoplasm freezes you.
You are frozen.
You resist. The iguana bites you!
There is a stone staircase leading up, spattered with blood here.
The endoplasm freezes you.
You are frozen.
You resist. The iguana bites you.
You climb upwards.
There is a stone staircase leading down here.
You hit the endoplasm but do no damage. You bite the endoplasm.
The endoplasm is lightly wounded.
You block the endoplasm's attack. You block the iguana's attack.
You barely miss the endoplasm.
The endoplasm is lightly wounded.
The endoplasm freezes you.
You are frozen.
You resist. The iguana closely misses you.
You hit the endoplasm. You bite the endoplasm.
The endoplasm is almost dead.
The endoplasm hits you but does no damage.
The iguana barely misses you.
You hit the endoplasm.
You kill the endoplasm!
The iguana bites you. The iguana barely misses you.
The iguana attacks as you move away! The iguana bites you.
The iguana attacks as you move away! The iguana bites you!
The iguana attacks as you move away! The iguana barely misses you.
You barely miss the iguana. Your bite misses the iguana.
The iguana barely misses you.
You barely miss the iguana. You bite the iguana, but do no damage.
The iguana bites you.
You closely miss the iguana. Your bite misses the iguana. The iguana bites you.
* * * LOW HITPOINT WARNING * * *
You slash the iguana!
The iguana is heavily wounded.
The iguana bites you.
* * * LOW HITPOINT WARNING * * *
You barely miss the iguana.
The iguana is moderately wounded.
The iguana bites you!
You die...

#.# ###.####### ###.........#
#.#.........####
..............>#
#.#.........##.#
...............#
.............#.############
...............l@.........#
#'####.#######.#######.##.#
#.........................#
######.#######.####....#..#
#.# #.# #...#.#..#
#.#######.###...#.#..#
#...............#.#..#
########.'++##.##.##.#.#..###
.........+∩'...##.##.#.#....#


You could see an iguana.

Vanquished Creatures
  A scorpion (D:4)
  A hound (D:3)
  Ijyb (D:3)
  3 adders
  4 gnolls
  3 worms
  4 dart slugs
  6 endoplasms
  2 giant cockroaches
  6 goblins
  4 hobgoblins
  7 jackals (D:1)
  4 kobolds
  A quokka (D:3)
  5 ball pythons
  3 bats
  5 frilled lizards
  2 rats (D:1)
62 creatures vanquished.

Notes
Turn   | Place    | Note
-------+----------+-------------------------------------------
     0 | D:1      | GimliDwarf the Gnoll Wanderer began the quest for the Orb.
     0 | D:1      | GimliDwarf set off with the following items: a +2 falchion,
                  | a +0 buckler, a scroll of butterflies, a +0 robe; and the
                  | following spell memorised: Apportation; and the following
                  | spells available to memorise: Portal Projectile.
     0 | D:1      | Reached XP level 1. HP: 13/13 MP: 6/6
    19 | D:1      | Reached XP level 2. HP: 10/19 MP: 7/7
   282 | D:1      | Reached skill level 5 in Spellcasting
   282 | D:1      | Reached XP level 3. HP: 20/25 MP: 7/9
   553 | D:1      | Reached skill level 1 in Invocations
  1200 | D:2      | Noticed Sigmund
  1236 | D:2      | HP: 1/25 [something/puff of flame (8)]
  1504 | D:2      | Reached skill level 1 in Fighting
  1504 | D:2      | Reached skill level 1 in Short Blades
  1504 | D:2      | Reached skill level 1 in Axes
  1504 | D:2      | Reached skill level 1 in Maces & Flails
  1504 | D:2      | Reached skill level 1 in Polearms
  1504 | D:2      | Reached skill level 1 in Staves
  1504 | D:2      | Reached skill level 1 in Ranged Weapons
  1504 | D:2      | Reached skill level 1 in Throwing
  1504 | D:2      | Reached skill level 1 in Armour
  1504 | D:2      | Reached skill level 1 in Dodging
  1504 | D:2      | Reached skill level 1 in Unarmed Combat
  1504 | D:2      | Reached skill level 1 in Evocations
  1627 | D:2      | Reached XP level 4. HP: 21/32 MP: 11/11
  1679 | D:2      | Reached skill level 1 in Conjurations
  1679 | D:2      | Reached skill level 1 in Hexes
  1679 | D:2      | Reached skill level 1 in Summonings
  1679 | D:2      | Reached skill level 1 in Necromancy
  1679 | D:2      | Reached skill level 1 in Transmutations
  1679 | D:2      | Reached skill level 1 in Fire Magic
  1679 | D:2      | Reached skill level 1 in Ice Magic
  1679 | D:2      | Reached skill level 1 in Air Magic
  1679 | D:2      | Reached skill level 1 in Earth Magic
  1679 | D:2      | Reached skill level 1 in Poison Magic
  2289 | D:2      | Reached XP level 5. HP: 37/37 MP: 12/12
  2442 | D:3      | Learned a level 1 spell: Necrotise
  2444 | D:3      | Learned a level 1 spell: Summon Small Mammal
  2488 | D:3      | Noticed Ijyb
  2500 | D:3      | Paralysed by Ijyb for 4 turns
  2511 | D:3      | Paralysed by Ijyb for 5 turns
  2531 | D:3      | Killed Ijyb
  2981 | D:3      | Found Dyal's Weapon Emporium.
  3260 | D:4      | Reached XP level 6. HP: 22/44 MP: 14/14
  3367 | D:3      | Slain by an iguana

Illustrated notes

Levels and vault maps discovered:
D:1:      eino_arrival_water_star, layout_loops_ring
D:2:      layout_basic, uniq_sigmund
D:3:      layout_basic, serial_shops, nicolae_shop_tiny_real_fake_doors,
          grunt_decor_junction, hangedman_feature_mirror, uniq_ijyb
D:4:      layout_cave_pools, jmf_multi_god_temple2, uniq_duvessa

Skill      XL: |  1  2  3  4  5 |
---------------+----------------+-----
Spellcasting   | 5 |  5.3
Invocations    | 1 2 |  2.1
Fighting       | 1 |  1.9
Short Blades   | 1 |  1.9
Axes           | 1 |  1.9
Maces & Flails | 1 |  1.9
Polearms       | 1 |  1.9
Staves         | 1 |  1.9
Ranged Weapons | 1 |  1.9
Throwing       | 1 |  1.9
Armour         | 1 |  1.9
Dodging        | 1 |  1.9
Unarmed Combat | 1 |  1.9
Evocations     | 1 |  1.9
Conjurations   | 1 |  1.5
Hexes          | 1 |  1.5
Summonings     | 1 |  1.5
Necromancy     | 1 |  1.5
Transmutations | 1 |  1.5
Fire Magic     | 1 |  1.5
Ice Magic      | 1 |  1.5
Air Magic      | 1 |  1.5
Earth Magic    | 1 |  1.5
Poison Magic   | 1 |  1.5
Shields        | 3 |  3.2
Translocations | 4 |  4.1
Stealth        | 3 |  3.0
Long Blades    | |  8.7

Action                     |  1- 3 |  4- 6 || total
---------------------------+-------+-------++-------
  Melee: Falchion          |    74 |   111 ||   185
         Bite              |     4 |     8 ||    12
   Cast: Summon Small Mamm |       |     1 ||     1
         Necrotise         |       |     1 ||     1
    Use: Scroll            |     3 |     1 ||     4
         Potion            |     1 |     1 ||     2
   Stab: Sleeping          |     2 |     1 ||     3
         Invisible         |       |     2 ||     2
         Distracted        |       |     1 ||     1
 Armour: Robe              |    12 |       ||    12
         Leather armour    |       |    12 ||    12
  Dodge: Dodged            |    34 |    39 ||    73
  Block: Buckler           |    23 |    19 ||    42
